 Dungeon Crawl Stone Soup version 0.27-a0-951-gae3e1deef5 (webtiles) character file.

Game seed: 10925554096053674204

60 killozap the Covered (level 4, 0/29 HPs)
             Began as a Gargoyle Fighter on Apr 11, 2021.
             Killed from afar by an orc wizard (11 damage)
             ... with a magic dart
             ... on level 3 of the Dungeon.
             The game lasted 00:04:29 (2268 turns).

killozap the Covered (Gargoyle Fighter)             Turns: 2268, Time: 00:04:30

Health: 0/29       AC: 10    Str: 20    XL:     4   Next: 6%
Magic:  4/4        EV:  7    Int:  9    God:
Gold:   74         SH:  9    Dex:  9    Spells: 3/3 levels left

rFire    . . .     SeeInvis .   a - +0 flail
rCold    . . .     Faith    .   c - +0 kite shield
rNeg     + . .     Spirit   .   j - +0 scale mail
rPois    ∞         Reflect  .   (no helmet)
rElec    +         Harm     .   (no cloak)
rCorr    .         Rampage  .   (no gloves)
Will     .....                  (no boots)
Stlth    ..........             (no amulet)
HPRegen  0.09/turn              (no ring)
MPRegen  0.09/turn              (no ring)

@: no status effects
A: AC +3, negative energy resistance 1, electricity resistance, torment
resistance 1, unbreathing 1, petrification resistance
a: no special abilities


You were on level 3 of the Dungeon.
You visited 1 branch of the dungeon, and saw 3 of its levels.

You collected 74 gold pieces.

Inventory:

Hand Weapons
 a - a +0 flail (weapon)
 b - a +0 hunting sling
Missiles
 n - 11 sling bullets
Armour
 c - a +0 kite shield (worn)
 j - a +0 scale mail (worn)
Scrolls
 f - a scroll of immolation {unknown}
 h - 2 scrolls of noise {unknown}
 i - a scroll of amnesia {unknown}
 k - 2 scrolls of identify {unknown}
 m - a scroll of teleportation {unknown}
 o - a scroll of torment {unknown}
Potions
 d - 2 potions of might
 e - 3 potions of heal wounds {unknown}
 g - 3 potions of lignification {unknown}
 l - a potion of attraction {unknown}


   Skills:
 + Level 3.8 Fighting
 + Level 2.6 Maces & Flails
 + Level 3.9 Armour
 + Level 3.8 Shields


You had 3 spell levels left.
You didn't know any spells.
Your spell library was empty.

Dungeon Overview and Level Annotations

Branches:
Dungeon (3/15)

Altars:


Innate Abilities, Weirdness & Mutations

Your stone body is resilient. (AC +3)
You are immune to poison.
You resist negative energy. (rN+)
You are resistant to electric shocks. (rElec)
You are resistant to unholy torment.
You can survive without breathing.
You are immune to petrification.


Message History

The orc priest is heavily wounded.
You block the orc's attack. You block the orc priest's attack.
You hear some strange, mumbled words.
You are confused.
The orc hits you but does no damage.
The orc priest casts a cantrip, but nothing happens.
Something hits you but does no damage.
You bump into the rock wall.
The orc priest hits you but does no damage.
The orc hits you but does no damage. Something hits you but does no damage.
You hit the orc priest.
The orc priest is heavily wounded.
An orc wizard appears from thin air!
Reactivating autopickup.
The orc hits you with a +0 flail.
The orc priest hits you but does no damage.
The orc wizard hits you but does no damage.
The orc priest hits you with a +0 falchion.
You miss the orc priest.
The orc priest is heavily wounded.
The orc priest hits you but does no damage.
The orc hits you with a +0 flail.
The orc priest hits you but does no damage.
You bump into the rock wall.
The orc hits you but does no damage.
The orc priest hits you with a +0 falchion.
You barely miss the orc priest.
The orc priest is heavily wounded.
You feel less confused. The orc barely misses you.
The orc priest hits you but does no damage.
You hit the orc priest.
The orc priest is almost dead.
The orc priest hits you but does no damage.
The orc wizard hits you but does no damage.
The orc priest hits you but does no damage.
You thump the orc priest!
You kill the orc priest!
The orc wizard gestures at you while chanting.
The magic dart hits you!
You die...

#<### #...# ##.#.#
####### ###....##[#
#.....#
#...........
###.#.#
#.#.......##
###.#.#
#.#.#####...
#^.)oo#
#...........
###@#.#
#.#.###..... #.#.#
#........... #.#.#
#...........
#.#.###.#.......##
#.................
###.###>..o.......
#.# #.#.....####
#.# #.#.......#
#####.###.#.##....#


You could see an orc wizard and an orc.

Vanquished Creatures
  An orc priest (D:3)
  An adder (D:3)
  An ufetubus (D:2)
  A dart slug (D:1)
  2 endoplasms
  3 giant cockroaches
  5 goblins
  5 hobgoblins (D:1)
  3 jackals (D:1)
  6 kobolds (D:1)
  2 quokkas
  7 ball pythons
  3 bats (D:1)
  2 frilled lizards (D:1)
42 creatures vanquished.

Notes
Turn   | Place    | Note
-------+----------+-------------------------------------------
     0 | D:1      | killozap the Gargoyle Fighter began the quest for the Orb.
     0 | D:1      | Reached XP level 1. HP: 14/14 MP: 1/1
   210 | D:1      | Reached XP level 2. HP: 13/19 MP: 2/2
   856 | D:1      | Reached XP level 3. HP: 22/23 MP: 3/3
  2104 | D:3      | Reached XP level 4. HP: 26/29 MP: 4/4
  2268 | D:3      | Killed from afar by an orc wizard

Illustrated notes

Levels and vault maps discovered:
D:1:      nzn_arrival_settlement, layout_basic
D:2:      layout_loops_cross, minmay_heptomino_d4
D:3:      layout_basic, ebering_ecumenical_altar_abandoned,
          nicolae_underground_beach

Action                   |  1- 3 |  4- 6 || total
-------------------------+-------+-------++-------
Melee: Flail             |   130 |     9 ||   139
 Fire: Hunting sling     |       |     3 ||     3
Armor: Scale mail        |    87 |    17 ||   104
Dodge: Dodged            |    43 |     1 ||    44
Block: Kite shield       |    82 |     3 ||    85

Table legend: (Time is in decaauts)
 A = Elapsed time spent in this place.
 B = Non-inter-level travel time spent in this place.
 C = Inter-level travel time spent in this place.
 D = Time resting spent in this place.
 E = Time spent auto-exploring this place.
 F = Levels seen in this place.
 G = Mean time per level.
                   A        B        C        D        E       F      G
               +--------+--------+--------+--------+--------+-----+--------+
         Total |   2338 |   2279 |     59 |    496 |   1357 |   3 |  779.3 |
       Dungeon |   2338 |   2279 |     59 |    496 |   1357 |   3 |  779.3 |
               +--------+--------+--------+--------+--------+-----+--------+

Top non-repeatable levels by time:
     D:1: 1339 daAuts
     D:2: 811 daAuts
     D:3: 188 daAuts
